AoeStats
← 王俊阴的凯蒂

Highland

503863940Analyzed
3v3 RM · 1mo ago on Sep 2, 2026· 47m 32s· 6 players
Game mode
Random Map
Map size
Normal (6 player)
Population
200
Speed
Normal
Resources
Standard
Victory
Conquest
Starting age
Dark Age
Ending age
Imperial Age
RankedLock teamsTeams togetherTeam positionsShared explorationLock speedFull tech treeHidden civsTurbo modeCheats
Victory
Defeat
🇮🇳 Khmer · India
1052
+15
🇮🇳 Armenians · India
1050
+15
🇮🇳 Romans · India
1034
+16
🇨🇳 Slavs · China
1061
-17
🇨🇳 Huns · China
1044
-46
🇨🇳 Khitans · China
1004
-14
王俊阴的凯蒂
0:32 Loom
10:11 Feudal Age
11:03 Horse Collar
18:29 Castle Age
16:24 Double-Bit Axe
18:33 Loom
19:23 Wheelbarrow
21:29 Gold Mining
21:29 Stone Mining
26:18 Bow Saw
28:57 Imperial Age
27:36 Hand Cart
28:01 Heavy Plow
31:27 Gold Shaft Mining
31:56 Two-Man Saw
31:28 Crop Rotation
31:13 Forging
31:08 Scale Barding Armor
31:43 Bloodlines
31:33 Husbandry
31:38 Detinets
32:02 Elite Boyar
33:45 Iron Casting
33:31 Chain Barding Armor
35:26 Blast Furnace
34:54 Conscription
36:07 Plate Barding Armor
39:16 Chemistry
38:37 Ballistics
39:08 Siege Engineers
露头就挂
10:11 Feudal Age
12:23 Double-Bit Axe
17:54 Castle Age
22:47 Bow Saw
24:24 Horse Collar
24:41 Gold Mining
30:41 Imperial Age
29:06 Stone Mining
29:53 Gold Shaft Mining
29:21 Heavy Plow
30:52 Cavalier
31:32 Husbandry
31:43 Bloodlines
31:47 Forging
33:12 Two-Man Saw
33:37 Paladin
35:23 Iron Casting
40:12 Blast Furnace
41:40 Scale Barding Armor
andy
0:40 Loom
12:03 Feudal Age
17:21 Castle Age
19:33 Husbandry
19:45 Forging
19:41 Scale Barding Armor
22:03 Double-Bit Axe
21:59 Domestication
22:13 Gold Mining
24:30 Bow Saw
26:55 Iron Casting
28:41 Squires
33:31 Imperial Age
31:37 Wheelbarrow
31:41 Town Watch
32:23 Scale Mail Armor
32:20 Stone Mining
32:33 Pastoralism
33:33 Elite Fire Lancer
35:31 Devotion
37:02 Conscription
36:48 Lamellar Armor
37:00 Chain Mail Armor
37:15 Murder Holes
37:00 Treadmill Crane
37:31 Fortified Wall
37:42 Ballistics
37:34 Masonry
40:33 Hand Cart
Shanu
2:08 Loom
12:35 Feudal Age
13:36 Horse Collar
20:36 Castle Age
19:04 Double-Bit Axe
19:18 Gold Mining
20:14 Stone Mining
21:30 Pikeman
22:34 Town Watch
27:43 Scale Mail Armor
28:51 Husbandry
29:02 Bloodlines
29:41 Fletching
30:04 Forging
30:48 Chain Mail Armor
32:33 Iron Casting
32:22 Bow Saw
37:08 Imperial Age
35:23 Wheelbarrow
35:35 Gold Shaft Mining
36:59 Arson
37:31 Arson
37:44 Bodkin Arrow
37:50 Padded Archer Armor
37:21 Capped Ram
40:26 Conscription
41:16 Halberdier
41:32 Halberdier
43:19 Blast Furnace
43:46 Bracer
44:02 Leather Archer Armor
44:10 Hand Cart
43:59 Town Patrol
kundan
5:14 Loom
11:20 Feudal Age
16:50 Castle Age
20:49 Wheelbarrow
21:40 Double-Bit Axe
21:39 Horse Collar
21:53 Stone Mining
21:57 Gold Mining
22:27 Hand Cart
25:12 Heavy Plow
25:25 Bow Saw
29:47 Gold Shaft Mining
32:30 Imperial Age
30:43 Fortified Wall
30:54 Ballistics
31:02 Ballistas
32:49 Heavy Scorpion
33:39 Siege Engineers
34:35 Chemistry
33:48 Masonry
33:10 Capped Ram
34:31 Siege Ram
39:11 Scale Mail Armor
39:21 Forging
40:00 Squires
39:21 Pikeman
40:50 Chain Mail Armor
41:18 Iron Casting
40:20 Halberdier
44:47 Blast Furnace
GuptasLegacy
11:28 Feudal Age
12:14 Double-Bit Axe
12:10 Horse Collar
18:25 Castle Age
26:17 Man-at-Arms
26:42 Gambesons
29:30 Imperial Age
27:39 Wheelbarrow
27:22 Forging
27:12 Scale Mail Armor
27:16 Squires
27:02 Arson
27:50 Town Watch
28:41 Iron Casting
28:13 Long Swordsman
29:38 Heavy Plow
29:01 Two-Handed Swordsman
31:41 Blast Furnace
30:57 Chain Mail Armor
31:55 Champion
33:20 Hand Cart
35:29 Plate Mail Armor
34:50 Fletching
34:54 Heated Shot
35:24 Ballistics
36:17 Chemistry
35:45 Fereters
36:00 Conscription
37:26 Hoardings
36:21 Sappers
36:57 Cilician Fleet
40:16 Bodkin Arrow
40:40 Pikeman
42:04 Fortified Wall
42:05 Masonry
41:51 Murder Holes
42:17 Bombard Tower
42:00 Bracer
41:52 Loom
42:08 Town Patrol
44:38 Padded Archer Armor
45:53 Halberdier
46:49 Spies/Treason
Connection lost

Rejoining the realm…

Still unreachable

The connection could not be restored.

Session expired

The server has moved on; the page needs a fresh start.